 Dungeon Crawl Stone Soup version 0.30-a0-627-gc11e7ae810 (webtiles) character file.

Game seed: 10737058554145342413

7785 EnegeticOcto the Nimble (level 11, -1/89 HPs)
             Began as a Gnoll Monk on Jan 12, 2023.
             Was an Elder of Makhleb.
             Slain by a two-headed ogre
             ... wielding a +0 giant spiked club
              (20 damage)
             ... on level 10 of the Dungeon.
             The game lasted 00:28:11 (13623 turns).

EnegeticOcto the Nimble (Gnoll Monk)               Turns: 13623, Time: 00:28:11

Health: -1/89      AC: 12    Str: 11    XL:     11   Next: 20%
Magic:  10/20      EV: 17    Int: 11    God:    Makhleb [****..]
Gold:   128        SH:  0    Dex: 17    Spells: 15/22 levels left

rFire   . . .      SeeInvis .    a - +2 whip (elec)
rCold   . . .      Faith    .    (no shield)
rNeg    . . .      Spirit   .    O - +0 steam dragon scales
rPois   .          Reflect  .    (no helmet)
rElec   .          Harm     .    e - +0 cloak
rCorr   .          Rampage  .    (no gloves)
Will    .....                    q - +0 pair of boots
Stlth   ++++                     (no amulet)
HPRegen 0.34/turn                o - +4 ring of protection
MPRegen 0.17/turn                (no ring)

@: no status effects
A: fangs 1, strong nose, distributed training
a: Renounce Religion, Minor Destruction, Lesser Servant of Makhleb, Major
Destruction


You were on level 10 of the Dungeon.
You worshipped Makhleb.
Makhleb was greatly pleased with you.
You visited 1 branch of the dungeon, and saw 10 of its levels.
You also visited: Sewer.

You collected 549 gold pieces.
You spent 421 gold pieces at shops.

Inventory:

Hand Weapons
 a - a +2 whip of electrocution (weapon)
   (You took it off an orc priest on level 6 of the Dungeon)
 g - a +1 dagger of protection
   (You took it off a kobold on level 1 of the Dungeon)
 u - a +2 hand axe of venom
   (You took it off an orc on level 3 of the Dungeon)
 B - a +0 scimitar
   (You found it on level 2 of the Dungeon)
 G - a +0 sling
   (You took it off a hobgoblin on level 1 of the Dungeon)
Missiles
 j - 8 poisoned darts
 x - 8 boomerangs
 A - 4 javelins
 K - a curare-tipped dart (quivered)
Armour
 e - a +0 cloak (worn)
   (You found it on level 1 of the Dungeon)
 h - a +0 robe
 q - a +0 pair of boots (worn)
   (You found it in a sewer)
 E - a +0 robe of cold resistance
   (You took it off Sigmund on level 2 of the Dungeon)
 N - a +1 robe of willpower
   (You found it on level 8 of the Dungeon)
 O - +0 steam dragon scales (worn)
   (You found it on level 9 of the Dungeon)
Magical Staves
 b - a staff of air
   (You found it on level 5 of the Dungeon)
 s - a staff of death
   (You found it on level 5 of the Dungeon)
 w - a staff of poison
   (You found it on level 3 of the Dungeon)
Jewellery
 o - a +4 ring of protection (left hand)
   (You found it on level 2 of the Dungeon)
Wands
 C - a wand of iceblast (2) {@v2}
   (You found it on level 5 of the Dungeon)
 J - a wand of polymorph (13)
   (You found it on level 7 of the Dungeon)
 P - a wand of digging (5) {@v3}
   (You found it on level 10 of the Dungeon)
Scrolls
 i - 2 scrolls of silence {!r}
 k - 2 scrolls of enchant weapon
 l - 7 scrolls of teleportation {@r3 !r}
 m - a scroll of fog {!r}
 p - a scroll of amnesia
 r - a scroll of blinking {@r4}
 t - 2 scrolls of immolation
 v - 4 scrolls of vulnerability
 y - a scroll of enchant armour {unknown}
 F - a scroll of magic mapping {@r5 !r}
 I - a scroll of poison {unknown}
 M - a scroll of torment {unknown}
 Q - 3 scrolls of identify {@r1}
Potions
 c - a potion of ambrosia
 d - 3 potions of berserk rage
 f - 4 potions of heal wounds {@q2 !q}
 n - 2 potions of attraction {unknown}
 z - 2 potions of mutation {unknown}
 D - 4 potions of curing {@q1 !q}
 H - a potion of brilliance {unknown}
 L - 2 potions of degeneration {unknown}


   Skills:
 + Level 9.2 Fighting
 + Level 6.3 Short Blades
 + Level 9.2 Long Blades
 + Level 6.3 Axes
 + Level 6.3 Maces & Flails
 + Level 6.3 Polearms
 + Level 6.3 Staves
 + Level 6.3 Ranged Weapons
 + Level 6.3 Throwing
 + Level 6.3 Armour
 + Level 9.2 Dodging
 + Level 7.6 Stealth
 + Level 6.3 Shields
 + Level 6.3 Unarmed Combat
 + Level 6.3 Spellcasting
 + Level 5.2 Conjurations
 + Level 5.2 Hexes
 + Level 5.2 Summonings
 + Level 5.2 Necromancy
 + Level 5.2 Translocations
 + Level 5.2 Transmutations
 + Level 5.2 Fire Magic
 + Level 5.2 Ice Magic
 + Level 5.2 Air Magic
 + Level 5.2 Earth Magic
 + Level 5.2 Poison Magic
 + Level 6.9 Invocations
 + Level 6.3 Evocations


You had 15 spell levels left.
You knew the following spells:

 Your Spells              Type           Power      Damage    Failure   Level
a - Freeze                Ice            56%        1d7       2%          1
b - Frozen Ramparts       Ice            28%        1d5       7%          3
c - Hailstorm             Conj/Ice       14%        3d5       7%          3

Your spell library contained the following spells:

 Spells                   Type           Power      Damage    Failure   Level
 Gell's Gravitas          Tloc           14%        N/A       7%          3
 Kindle Blastsparks       Fire/Tloc/Air  28%        2d12      7%          3
 Anguish                  Hex/Necr       7%         N/A       22%         4
 Freezing Cloud           Conj/Ice/Air   7%         6-21      52%         5
 Simulacrum               Ice/Necr       7%         N/A       98%         6
 Borgnjor's Revivificati  Necr           7%         N/A       100%        8
 Polar Vortex             Ice            7%         N/A       100%        9


Dungeon Overview and Level Annotations

Branches:
Dungeon (10/15) Zot: 26488  Temple (0/1) D:6           Sewer (visited)
   Lair: D:8-11         Orc: D:9-12

Altars:
Makhleb
Okawaru

Shops:
D:2 !*(   D:8 (

Annotations:
D:2 1 runed translucent door, exclusion: downstairs, Crazy Yiuf
D:4 1 runed translucent door, exclusion: door, Thjof's ghost, amateur TeAE
D:9 exclusions: zombie and 1 more exclusion


Innate Abilities, Weirdness & Mutations

You have very sharp teeth.
Your uncanny sense of smell can sniff out nearby items.
Your experience applies equally to all skills.


Message History

You hit the wraith but do no damage. Lightning courses through the wraith!
You destroy the wraith!
Makhleb accepts your kill.
You feel better.
No target in view!
No target in view!
No target in view!
No target in view!
No target in view!
No target in view!
No target in view!
You see here a +0 war axe.
You feel yourself speed up.
You open the door.
There is an open door here.
You now have 116 gold pieces (gained 7).
You open the door.
There is an open door here.
f - 4 potions of heal wounds {@q2 !q} (gained 1)
There is an open door here.
You open the door.
There is an open door here.
You now have 128 gold pieces (gained 12).
P - a wand of digging (5) {@v3}
Q - a scroll of identify {@r1} You open the door.
There is an open door here.
Q - 2 scrolls of identify {@r1} (gained 1)
z - 2 fuming clear potions (gained 1)
Q - 3 scrolls of identify {@r1} (gained 1)
You open the door.
There is an open door here.
You open the door.
There is an open door here.
You open the door. 5 yaks and a two-headed ogre come into view.
The yak bellows! x3; The two-headed ogre shouts in stereo!
The yak bellows!
The two-headed ogre attacks as you move away!
The two-headed ogre misses you.
The two-headed ogre hits you with a +0 giant spiked club!
Throw: 2 darts (curare)
Press: ? - help, Q - select action, (/) - cycle Shift-Dir - straight line, f - two-headed ogre
Aim: a two-headed ogre, wielding two +0 giant spiked clubs (79% to hit)
You throw a curare-tipped dart.
The curare-tipped dart hits the two-headed ogre.
The two-headed ogre is poisoned.
The two-headed ogre convulses.
The two-headed ogre seems to slow down.
The two-headed ogre is lightly wounded.
There is an open door here.
Casting: Hailstorm (dangerous; 7% risk of failure)
Confirm with . or Enter, or press ? or * to list all spells.
Casting: Hailstorm (dangerous; 7% risk of failure)
Press: ? - help, Dir - look around, f - activate A cannonade of hail descends around you!
The hail pelts the two-headed ogre!
The two-headed ogre is moderately wounded.
The hail pelts the yak.
The yak is lightly wounded.
Casting: Hailstorm (dangerous; 7% risk of failure)
Confirm with . or Enter, or press ? or * to list all spells.
Casting: Hailstorm (dangerous; 7% risk of failure)
Press: ? - help, Dir - look around, f - activate A cannonade of hail descends around you!
The hail pelts the two-headed ogre!
The two-headed ogre is heavily wounded.
The hail pelts the yak!
The yak is heavily wounded.
The two-headed ogre is no longer moving slowly.
The two-headed ogre attacks as you move away!
The two-headed ogre misses you. The two-headed ogre barely misses you.
Casting: Hailstorm (dangerous; 7% risk of failure)
Confirm with . or Enter, or press ? or * to list all spells.
Casting: Hailstorm (dangerous; 7% risk of failure)
Press: ? - help, Dir - look around, f - activate A cannonade of hail descends around you!
The hail pelts the two-headed ogre!
The two-headed ogre is severely wounded.
The hail pelts the yak!
The yak is heavily wounded.
The yak bellows!
The two-headed ogre attacks as you move away!
The two-headed ogre hits you with a +0 giant spiked club!
The two-headed ogre closely misses you.
The two-headed ogre attacks as you move away!
The two-headed ogre closely misses you.
The two-headed ogre hits you with a +0 giant spiked club.
Casting: Hailstorm (dangerous; 7% risk of failure)
Confirm with . or Enter, or press ? or * to list all spells.
Casting: Hailstorm (dangerous; 7% risk of failure)
Press: ? - help, Dir - look around, f - activate A cannonade of hail descends around you!
The hail pelts the two-headed ogre!
The two-headed ogre is almost dead.
The two-headed ogre attacks as you move away!
The two-headed ogre hits you with a +0 giant spiked club! x2
The two-headed ogre attacks as you move away!
The two-headed ogre hits you with a +0 giant spiked club!!
* * * LOW HITPOINT WARNING * * *
The two-headed ogre hits you with a +0 giant spiked club!!
You die...

#....##...Y########
####+##...Y.#.....# ∆
####Y##....# ##
#....##....# ..#
#...Y##....##..##
#.....Y.........#
+....YY.....#...#
############O# ##
#..........@.#
#............#
#............#
###............####
#......#########..##
#......#...........#
+......'...........#
#......#'####'##..##
...######.####.##..###


You could see a two-headed ogre (poisoned).

Vanquished Creatures
  2 two-headed ogres (D:8)
  Pikel (D:3)
  Sigmund (D:2)
  A wraith (D:10)
  4 wyverns
  2 humans (D:10)
  A steam dragon (D:9)
  2 water moccasins
  4 orc warriors
  3 black bears
  2 ice beasts
  3 ogres
  3 centaurs
  7 phantoms
  2 kobold brigands
  3 necrophages
  4 bullfrogs
  2 gnoll sergeants
  3 wights (D:4)
  3 water moccasin zombies (D:6)
  5 killer bees (D:8)
  A howler monkey (D:5)
  An electric eel (D:6)
  6 bullfrog zombies (D:6)
  A centaur skeleton (D:6)
  3 centaur zombies (D:6)
  A gnoll bouda (D:9)
  A jelly (D:6)
  6 orc priests
  3 hounds
  2 iguanas
  Natasha (thrice) (D:2)
  7 orc wizards
  A killer bee zombie (D:6)
  A howler monkey zombie (D:6)
  22 gnolls
  A howler monkey skeleton (D:6)
  11 adders
  A shadow imp (D:7)
  A white imp (D:8)
  An ufetubus (D:7)
  4 worms
  A dart slug (D:4)
  31 orcs
  11 endoplasms
  5 giant cockroaches
  6 goblins
  11 hobgoblins
  9 jackals
  17 kobolds
  2 quokkas
  2 ball pythons
  9 bats
  3 frilled lizards
  3 rats
246 creatures vanquished.

Vanquished Creatures (collateral kills)
  A centaur (D:8)
1 creature vanquished.

Vanquished Creatures (others)
  An orc wizard (D:9)
  2 orcs (D:9)
  6 plants
9 creatures vanquished.

Grand Total: 256 creatures vanquished

Notes
Turn   | Place    | Note
-------+----------+-------------------------------------------
     0 | D:1      | EnegeticOcto the Gnoll Monk began the quest for the Orb.
     0 | D:1      | Reached XP level 1. HP: 23/23 MP: 1/1
   120 | D:1      | Reached XP level 2. HP: 6/29 MP: 2/2
   371 | D:1      | Reached XP level 3. HP: 16/35 MP: 3/3
   527 | D:1      | Reached skill level 1 in Invocations
   908 | D:2      | Learned a level 1 spell: Freeze
   913 | D:2      | Found Sousuutz's Assorted Antiques.
   928 | D:2      | Bought a scroll labelled VESELY NEIRUSA for 21 gold pieces
   972 | D:2      | Reached skill level 1 in Short Blades
   972 | D:2      | Reached skill level 1 in Axes
   972 | D:2      | Reached skill level 1 in Maces & Flails
   972 | D:2      | Reached skill level 1 in Polearms
   972 | D:2      | Reached skill level 1 in Staves
   972 | D:2      | Reached skill level 1 in Ranged Weapons
   972 | D:2      | Reached skill level 1 in Throwing
   972 | D:2      | Reached skill level 1 in Armour
   972 | D:2      | Reached skill level 1 in Shields
   972 | D:2      | Reached skill level 1 in Unarmed Combat
   972 | D:2      | Reached skill level 1 in Spellcasting
   972 | D:2      | Reached skill level 1 in Evocations
   991 | D:2      | Reached XP level 4. HP: 41/41 MP: 5/5
  1269 | D:2      | Bought a scroll labelled NIGROSCHI PIUDO for 21 gold pieces
  1315 | D:2      | Reached skill level 1 in Conjurations
  1315 | D:2      | Reached skill level 1 in Hexes
  1315 | D:2      | Reached skill level 1 in Summonings
  1315 | D:2      | Reached skill level 1 in Necromancy
  1315 | D:2      | Reached skill level 1 in Translocations
  1315 | D:2      | Reached skill level 1 in Transmutations
  1315 | D:2      | Reached skill level 1 in Fire Magic
  1315 | D:2      | Reached skill level 1 in Ice Magic
  1315 | D:2      | Reached skill level 1 in Air Magic
  1315 | D:2      | Reached skill level 1 in Earth Magic
  1315 | D:2      | Reached skill level 1 in Poison Magic
  1340 | D:2      | Found Lelur's Weapon Shop.
  1425 | D:2      | Found Erru Vyt's Distillery.
  1573 | D:2      | Noticed Sigmund
  1622 | D:2      | Found a runed translucent door.
  1623 | D:2      | Noticed Crazy Yiuf
  2178 | D:2      | Bought a potion of curing for 42 gold pieces
  2197 | D:2      | Reached XP level 5. HP: 43/47 MP: 7/7
  2986 | D:3      | Found a burning altar of Makhleb.
  2996 | D:3      | Became a worshipper of Makhleb the Destroyer
  2996 | D:3      | Reached * piety under Makhleb
  2996 | D:3      | Reached ** piety under Makhleb
  3012 | D:3      | Reached skill level 2 in Invocations
  3143 | D:3      | Reached XP level 6. HP: 50/53 MP: 8/8
  3608 | D:2      | Noticed Natasha
  3615 | D:2      | Killed Natasha
  3616 | D:2      | Reached skill level 2 in Short Blades
  3616 | D:2      | Reached skill level 2 in Axes
  3616 | D:2      | Reached skill level 2 in Maces & Flails
  3616 | D:2      | Reached skill level 2 in Polearms
  3616 | D:2      | Reached skill level 2 in Staves
  3616 | D:2      | Reached skill level 2 in Ranged Weapons
  3616 | D:2      | Reached skill level 2 in Throwing
  3616 | D:2      | Reached skill level 2 in Armour
  3616 | D:2      | Reached skill level 2 in Shields
  3616 | D:2      | Reached skill level 2 in Unarmed Combat
  3616 | D:2      | Reached skill level 2 in Spellcasting
  3616 | D:2      | Reached skill level 2 in Evocations
  4003 | D:2      | Bought a blackened iron wand for 84 gold pieces
  4043 | D:4      | Found a runed translucent door.
  4043 | D:4      | Noticed Thjof's ghost (amateur TeAE)
  4216 | D:4      | Noticed Pikel
  4890 | D:2      | Noticed Natasha
  4898 | D:2      | Killed Natasha
  5175 | D:3      | Killed Pikel
  5176 | D:3      | Reached skill level 7 in Fighting
  5176 | D:3      | Reached skill level 7 in Long Blades
  5176 | D:3      | Reached skill level 7 in Dodging
  5176 | D:3      | Reached skill level 5 in Stealth
  5176 | D:3      | Reached skill level 2 in Conjurations
  5176 | D:3      | Reached skill level 2 in Hexes
  5176 | D:3      | Reached skill level 2 in Summonings
  5176 | D:3      | Reached skill level 2 in Necromancy
  5176 | D:3      | Reached skill level 2 in Translocations
  5176 | D:3      | Reached skill level 2 in Transmutations
  5176 | D:3      | Reached skill level 2 in Fire Magic
  5176 | D:3      | Reached skill level 2 in Ice Magic
  5176 | D:3      | Reached skill level 2 in Air Magic
  5176 | D:3      | Reached skill level 2 in Earth Magic
  5176 | D:3      | Reached skill level 2 in Poison Magic
  5176 | D:3      | Reached skill level 3 in Invocations
  5176 | D:3      | Reached XP level 7. HP: 60/60 MP: 9/11
  5454 | D:4      | Reached skill level 3 in Short Blades
  5454 | D:4      | Reached skill level 3 in Axes
  5454 | D:4      | Reached skill level 3 in Maces & Flails
  5454 | D:4      | Reached skill level 3 in Polearms
  5454 | D:4      | Reached skill level 3 in Staves
  5454 | D:4      | Reached skill level 3 in Ranged Weapons
  5454 | D:4      | Reached skill level 3 in Throwing
  5454 | D:4      | Reached skill level 3 in Armour
  5454 | D:4      | Reached skill level 3 in Shields
  5454 | D:4      | Reached skill level 3 in Unarmed Combat
  5454 | D:4      | Reached skill level 3 in Spellcasting
  5454 | D:4      | Reached skill level 3 in Evocations
  5454 | D:4      | Reached XP level 8. HP: 66/67 MP: 12/12
  5612 | D:5      | Entered Level 5 of the Dungeon
  6252 | D:5      | You fall into a shaft and drop 3 floors!
  6261 | D:8      | Found Xetif's Antique Weapon Shop.
  6283 | D:8      | Noticed a two-headed ogre
  6286 | D:7      | Noticed a wyvern
  6330 | D:7      | Reached skill level 4 in Invocations
  6378 | D:6      | Found a glowing drain.
  6385 | D:6      | Reached skill level 3 in Conjurations
  6385 | D:6      | Reached skill level 3 in Hexes
  6385 | D:6      | Reached skill level 3 in Summonings
  6385 | D:6      | Reached skill level 3 in Necromancy
  6385 | D:6      | Reached skill level 3 in Translocations
  6385 | D:6      | Reached skill level 3 in Transmutations
  6385 | D:6      | Reached skill level 3 in Fire Magic
  6385 | D:6      | Reached skill level 3 in Ice Magic
  6385 | D:6      | Reached skill level 3 in Air Magic
  6385 | D:6      | Reached skill level 3 in Earth Magic
  6385 | D:6      | Reached skill level 3 in Poison Magic
  6658 | D:6      | Reached XP level 9. HP: 46/73 MP: 14/14
  6673 | D:7      | Reached *** piety under Makhleb
  6778 | D:6      | Reached skill level 4 in Short Blades
  6778 | D:6      | Reached skill level 4 in Axes
  6778 | D:6      | Reached skill level 4 in Maces & Flails
  6778 | D:6      | Reached skill level 4 in Polearms
  6778 | D:6      | Reached skill level 4 in Staves
  6778 | D:6      | Reached skill level 4 in Ranged Weapons
  6778 | D:6      | Reached skill level 4 in Throwing
  6778 | D:6      | Reached skill level 4 in Armour
  6778 | D:6      | Reached skill level 4 in Shields
  6778 | D:6      | Reached skill level 4 in Unarmed Combat
  6778 | D:6      | Reached skill level 4 in Spellcasting
  6778 | D:6      | Reached skill level 4 in Evocations
  6988 | D:6      | Reached skill level 6 in Stealth
  7021 | Sewer    | Entered a sewer
  7182 | D:5      | Reached skill level 8 in Fighting
  7182 | D:5      | Reached skill level 8 in Long Blades
  7182 | D:5      | Reached skill level 8 in Dodging
  7334 | D:2      | Bought a potion of heal wounds for 70 gold pieces
  7334 | D:2      | Bought a potion of curing for 42 gold pieces
  7372 | D:2      | Bought a bubbling clear potion for 18 gold pieces
  7398 | D:2      | Killed Sigmund
  7399 | D:2      | Reached skill level 5 in Invocations
  7415 | D:2      | Noticed Natasha
  7427 | D:2      | Killed Natasha
  7976 | D:5      | Learned a level 3 spell: Frozen Ramparts
  8109 | D:6      | Learned a level 3 spell: Hailstorm
  8218 | D:6      | Reached skill level 4 in Conjurations
  8218 | D:6      | Reached skill level 4 in Hexes
  8218 | D:6      | Reached skill level 4 in Summonings
  8218 | D:6      | Reached skill level 4 in Necromancy
  8218 | D:6      | Reached skill level 4 in Translocations
  8218 | D:6      | Reached skill level 4 in Transmutations
  8218 | D:6      | Reached skill level 4 in Fire Magic
  8218 | D:6      | Reached skill level 4 in Ice Magic
  8218 | D:6      | Reached skill level 4 in Air Magic
  8218 | D:6      | Reached skill level 4 in Earth Magic
  8218 | D:6      | Reached skill level 4 in Poison Magic
  8335 | D:6      | Reached skill level 5 in Short Blades
  8335 | D:6      | Reached skill level 5 in Axes
  8335 | D:6      | Reached skill level 5 in Maces & Flails
  8335 | D:6      | Reached skill level 5 in Polearms
  8335 | D:6      | Reached skill level 5 in Staves
  8335 | D:6      | Reached skill level 5 in Ranged Weapons
  8335 | D:6      | Reached skill level 5 in Throwing
  8335 | D:6      | Reached skill level 5 in Armour
  8335 | D:6      | Reached skill level 5 in Shields
  8335 | D:6      | Reached skill level 5 in Unarmed Combat
  8335 | D:6      | Reached skill level 5 in Spellcasting
  8335 | D:6      | Reached skill level 5 in Evocations
  8335 | D:6      | Reached XP level 10. HP: 79/81 MP: 17/17
  8401 | D:6      | Reached **** piety under Makhleb
  8576 | D:6      | Found a staircase to the Ecumenical Temple.
  8634 | D:7      | Got Onneguj's Compilation of Grim Distance
  9851 | D:2      | Bought a purple potion for 18 gold pieces
  9851 | D:2      | Bought a scroll labelled XENUGH CAKYPP for 21 gold pieces
  9888 | D:2      | Bought a potion of curing for 42 gold pieces
  9888 | D:2      | Bought a potion of curing for 42 gold pieces
 10104 | D:8      | Noticed a two-headed ogre
 10115 | D:8      | Killed a two-headed ogre
 10116 | D:8      | Reached skill level 7 in Stealth
 10116 | D:8      | Reached skill level 6 in Invocations
 10488 | D:8      | Killed a two-headed ogre
 10886 | D:8      | Reached skill level 9 in Fighting
 10886 | D:8      | Reached skill level 9 in Long Blades
 10886 | D:8      | Reached skill level 9 in Dodging
 10888 | D:8      | Reached skill level 6 in Short Blades
 10888 | D:8      | Reached skill level 6 in Axes
 10888 | D:8      | Reached skill level 6 in Maces & Flails
 10888 | D:8      | Reached skill level 6 in Polearms
 10888 | D:8      | Reached skill level 6 in Staves
 10888 | D:8      | Reached skill level 6 in Ranged Weapons
 10888 | D:8      | Reached skill level 6 in Throwing
 10888 | D:8      | Reached skill level 6 in Armour
 10888 | D:8      | Reached skill level 6 in Shields
 10888 | D:8      | Reached skill level 6 in Unarmed Combat
 10888 | D:8      | Reached skill level 6 in Spellcasting
 10888 | D:8      | Reached skill level 6 in Evocations
 11555 | D:9      | Reached skill level 5 in Conjurations
 11555 | D:9      | Reached skill level 5 in Hexes
 11555 | D:9      | Reached skill level 5 in Summonings
 11555 | D:9      | Reached skill level 5 in Necromancy
 11555 | D:9      | Reached skill level 5 in Translocations
 11555 | D:9      | Reached skill level 5 in Transmutations
 11555 | D:9      | Reached skill level 5 in Fire Magic
 11555 | D:9      | Reached skill level 5 in Ice Magic
 11555 | D:9      | Reached skill level 5 in Air Magic
 11555 | D:9      | Reached skill level 5 in Earth Magic
 11555 | D:9      | Reached skill level 5 in Poison Magic
 11555 | D:9      | Reached XP level 11. HP: 84/89 MP: 17/20
 13109 | D:10     | Entered Level 10 of the Dungeon
 13285 | D:10     | Found an iron altar of Okawaru.
 13594 | D:10     | Noticed a two-headed ogre
 13623 | D:10     | Slain by a two-headed ogre

Illustrated notes

Levels and vault maps discovered:
D:1:      minmay_arrival_up_and_down, layout_rooms
D:2:      layout_rooms, serial_shops, shop, nicolae_shop_trees, shop,
          minivault_24, grunt_ministairs_2, uniq_natasha, uniq_sigmund,
          uniq_crazy_yiuf_cottage
D:3:      cheibrodos_pilgrimage, layout_basic, old_standard_altar
D:4:      layout_loops_corners, hellmonk_ghost_happy_afterlife, uniq_pikel
D:5:      layout_basic, serial_park_tiny_1, nrook_uturn
D:6:      layout_rooms, minmay_temple_entry_overgrown, serial_undead,
          serial_undead_c, serial_undead_c, serial_undead_f, serial_undead_f,
          serial_undead_d, serial_undead_d, cheibrodos_sewer_entry_drain,
          serial_bayou_pond_e
D:7:      layout_gridville, serial_co_window_serial, co_window_corner_a,
          co_window_paths_a, co_window_paths_a, co_window_corner_a,
          co_window_of_opportunity_a, co_window_corner_b, co_window_2corner,
          co_window_broadway_a, co_window_corner_ca, co_window_broadway_b,
          co_window_corner_ca, glass_columns_a
D:8:      layout_rooms, serial_shops, nicolae_shop_overgrown_old_shop
D:9:      layout_stronghold, zombieorc2_lemuel, minmay_misc_feat_alley
D:10:     layout_gridville, okawaru_humans

Skill      XL: |  1  2  3  4  5  6  7  8  9 10 |
---------------+-------------------------------+-----
Invocations    | 1 2 3 4 5 6 |  6.9
Short Blades   | 1 2 3 5 6 |  6.3
Axes           | 1 2 3 5 6 |  6.3
Maces & Flails | 1 2 3 5 6 |  6.3
Polearms       | 1 2 3 5 6 |  6.3
Staves         | 1 2 3 5 6 |  6.3
Ranged Weapons | 1 2 3 5 6 |  6.3
Throwing       | 1 2 3 5 6 |  6.3
Armour         | 1 2 3 5 6 |  6.3
Shields        | 1 2 3 5 6 |  6.3
Unarmed Combat | 1 2 3 5 6 |  6.3
Spellcasting   | 1 2 3 5 6 |  6.3
Evocations     | 1 2 3 5 6 |  6.3
Conjurations   | 1 2 3 4 5 |  5.2
Hexes          | 1 2 3 4 5 |  5.2
Summonings     | 1 2 3 4 5 |  5.2
Necromancy     | 1 2 3 4 5 |  5.2
Translocations | 1 2 3 4 5 |  5.2
Transmutations | 1 2 3 4 5 |  5.2
Fire Magic     | 1 2 3 4 5 |  5.2
Ice Magic      | 1 2 3 4 5 |  5.2
Air Magic      | 1 2 3 4 5 |  5.2
Earth Magic    | 1 2 3 4 5 |  5.2
Poison Magic   | 1 2 3 4 5 |  5.2
Fighting       | 7 8 9 |  9.2
Long Blades    | 7 8 9 |  9.2
Dodging        | 7 8 9 |  9.2
Stealth        | 5 6 7 |  7.6

Action                   |  1- 3 |  4- 6 |  7- 9 | 10-12 || total
-------------------------+-------+-------+-------+-------++-------
Melee: Falchion          |    28 |       |       |       ||    28
       Bite              |     3 |     4 |    37 |    32 ||    76
       Scimitar          |       |    30 |       |       ||    30
       Hand axe          |       |     1 |    10 |       ||    11
       Whip              |       |       |   350 |   291 ||   641
       Punch             |       |       |    21 |     9 ||    30
 Fire: Sling             |    69 |   121 |       |       ||   190
Throw: Dart              |       |    14 |     8 |     5 ||    27
 Cast: Hailstorm         |       |       |       |    29 ||    29
       Frozen Ramparts   |       |       |       |    18 ||    18
       Freeze            |       |       |       |     3 ||     3
Invok: Minor Destruction |       |    29 |    52 |    18 ||    99
       Lesser Servant of |       |       |       |     3 ||     3
Evoke: Wand              |       |     2 |       |       ||     2
  Use: Scroll            |     3 |     6 |     2 |     1 ||    12
       Potion            |       |     3 |       |     2 ||     5
 Stab: Sleeping          |     2 |       |     8 |     3 ||    13
       Distracted        |       |       |     1 |     1 ||     2
Armor: Robe              |     9 |    23 |   140 |   104 ||   276
       Steam dragon scal |       |       |       |     8 ||     8
Dodge: Dodged            |    36 |    57 |   402 |   290 ||   785

Table legend: (Time is in decaauts)
 A = Elapsed time spent in this place.
 B = Non-inter-level travel time spent in this place.
 C = Inter-level travel time spent in this place.
 D = Time resting spent in this place.
 E = Time spent auto-exploring this place.
 F = Levels seen in this place.
 G = Mean time per level.
                   A        B        C        D        E       F      G
               +--------+--------+--------+--------+--------+-----+--------+
         Total |  13641 |  11926 |   1715 |   3116 |   5988 |  11 | 1240.1 |
       Dungeon |  13548 |  11833 |   1715 |   3116 |   5977 |  10 | 1354.8 |
         Sewer |     93 |     93 |      0 |      0 |     11 |   1 |   93.0 |
               +--------+--------+--------+--------+--------+-----+--------+

Top non-repeatable levels by time:
     D:3: 2616 daAuts
     D:2: 2027 daAuts
     D:7: 1768 daAuts
     D:9: 1600 daAuts
     D:8: 1557 daAuts
     D:4: 1275 daAuts
     D:1: 858 daAuts
     D:6: 832 daAuts
     D:5: 551 daAuts
    D:10: 458 daAuts
   Sewer: 93 daAuts
